 Dungeon Crawl Stone Soup version 0.17.1-1-g73c8601 (webtiles) character file.

49 yfast the Caller (level 3, 18/19 HPs)
             Began as a Deep Elf Summoner on Jan 1, 2016.
             Quit the game on level 2 of the Dungeon on Jan 5, 2016.
             The game lasted 00:51:19 (1709 turns).

yfast the Caller (Deep Elf Summoner)                Turns: 1709, Time: 00:51:19

Health: 18/19      AC:  5    Str:  5    XL:     3   Next: 53%
Magic:  10/10      EV: 13    Int: 20    God:
Gold:   43         SH:  0    Dex: 15    Spells: 2 memorised, 6 levels left

rFire  . . .     SeeInvis .     f - +0 whip
rCold  . . .     Clarity  .     a - +0 robe
rNeg   . . .     SustAt   .     (no shield)
rPois  .         Gourm    .     (no helmet)
rElec  .         Spirit   .     n - +2 cloak
rCorr  .         Warding  .     (no gloves)
rMut   +         Stasis   .     (no boots)
MR     .....                    d - amulet of resist mutation
Stlth  ++........               (no ring)
                                (no ring)

@: not resistant to hostile enchantments, unstealthy
A: no striking features
a: no special abilities


You were on level 2 of the Dungeon.
You were not hungry.

You visited 1 branch of the dungeon, and saw 2 of its levels.

You collected 43 gold pieces.

Inventory:

Hand Weapons
 f - a +0 whip (weapon)
 o - a +0 hunting sling
Missiles
 p - 16 stones (quivered)
 r - a throwing net
Armour
 a - a +0 robe (worn)
 n - a +2 cloak (worn)
Jewellery
 d - an amulet of resist mutation (around neck)
Scrolls
 e - a scroll of noise
 g - a scroll of remove curse {unknown}
 k - a scroll of identify {unknown}
 l - a scroll of random uselessness {unknown}
 t - a scroll of magic mapping {unknown}
 u - a scroll of teleportation {unknown}
Potions
 j - a potion of agility {unknown}
 m - a potion of heal wounds {unknown}
 s - a potion of flight {unknown}
Books
 b - a book of Callings

   Spells                             Type                      Level
   a - Summon Small Mammal            Summoning                    1
   b - Call Imp                       Summoning                    2
   c - Call Canine Familiar           Summoning                    3
   d - Summon Guardian Golem          Hexes/Summoning              3
   e - Summon Lightning Spire         Summoning/Air                4
   f - Summon Ice Beast               Ice/Summoning                4
Comestibles
 c - 2 bread rations
 h - a meat ration
 i - a beef jerky
 q - 3 fruits


   Skills:
 + Level 0.1 Fighting
 + Level 2.8 Dodging
 + Level 3.3 Stealth
 * Level 4.2 Spellcasting
 + Level 4.6 Summonings


You had 6 spell levels left.
You knew the following spells:

 Your Spells              Type           Power        Failure   Level  Hunger
a - Summon Small Mammal   Summ           ###.         1%          1    None
c - Call Canine Familiar  Summ           ###.....     8%          3    ###....


Dungeon Overview and Level Annotations

Branches:
Dungeon (2/15)

Altars:


Message History

Found a bubbling dark potion.
There is an open door here.
You see here a throwing net.
r - a throwing net Wield which item (- for none, * to show all)? (? for menu, Esc to quit)
Okay, then.
You spend a moment contemplating the meaning of life.
s - a bubbling dark potion
Found a stone staircase leading up.
Found a scroll labeled TUKHLO REHUU.
You are feeling very hungry.
Found a scroll labeled BYDEATY ITYVOG.
t - a scroll labeled TUKHLO REHUU
u - a scroll labeled BYDEATY ITYVOG Eat which item? (? for menu, Esc to quit)
That choko was very bland.
There is an open door here.
You see here a spear.
Enter note: Are you sure you want to abandon this character and quit the game? (Confirm with "yes".)

#################
#.............@.###############
##.##.........#................
#.##.#######.#.###############
#.##.# #.#.# #.##.# #.#.#
#.##.# #.#.# ######## #.##.#
#.#.###......###### #.##.#
#.#>..'............ #.##.#
#.#####.[....######


There were no monsters in sight!

Vanquished Creatures
  A bat (D:2)
1 creature vanquished.

Vanquished Creatures (collateral kills)
  An adder (D:2)
  3 gnolls (D:2)
  2 oozes (D:1)
  A giant gecko (D:1)
  2 bats (D:1)
  3 giant cockroaches
  3 hobgoblins
  3 jackals (D:2)
  A giant newt (D:1)
  5 goblins
  5 kobolds (D:1)
  2 rats (D:1)
31 creatures vanquished.

Vanquished Creatures (others)
  An adder (D:2)
1 creature vanquished.

Grand Total: 33 creatures vanquished

Notes
Turn   | Place    | Note
--------------------------------------------------------------
     0 | D:1      | yfast the Deep Elf Summoner began the quest for the Orb.
     0 | D:1      | Reached XP level 1. HP: 10/10 MP: 6/6
   326 | D:1      | Reached XP level 2. HP: 15/15 MP: 5/8
  1094 | D:2      | Reached XP level 3. HP: 12/19 MP: 8/10
  1131 | D:2      | Learned a level 3 spell: Call Canine Familiar
  1709 | D:2      | Quit the game

Action                   || total
-------------------------++-------
Melee: Unarmed           ||    12
       Whip              ||     1
 Cast: Summon Small Mamm ||    85
  Use: Scroll            ||     2
 Stab: Sleeping          ||     1
  Eat: Fruit             ||     1
       Chunk             ||     1
